TOP OF THE 1ST |
Chesapeake Continentals batting - Pitching for Casper Ghosts : LHP Jim Unknown
|
Pitching: LHP Jim Unknown
|
|
Batting: RHB Gil Nichols
|
0-0: Ball 1-0: Called Strike 1-1: Ball 2-1: Ball 3-1: DOUBLE (Flyball, 8LD)
|
Batting: RHB Adrian Barr
|
0-0: Ball 1-0: Ground out 4-3 (Groundball, 4M) Gil Nichols to third
|
Batting: RHB Mike Peterson
|
0-0: Ball 1-0: SINGLE (Flyball, 89S) Gil Nichols scores
|
Batting: RHB Mike Greene
|
0-0: Ball 1-0: Ball 2-0: Grounds into double play, U6-3 (Groundball, 6M)
|
Top of the 1st over - 1 run(s), 2 hit(s), 0 error(s), 0 left on base; Chesapeake 1 - Casper 0 |
BOTTOM OF THE 1ST |
Casper Ghosts batting - Pitching for Chesapeake Continentals : LHP Luis Rodríguez
|
Pitching: LHP Luis Rodríguez
|
|
Batting: LHB Kyle Mann
|
0-0: Swinging Strike 0-1: Bunt for hit - play at first, batter OUT! 5-3
|
Batting: RHB Warner Robinson
|
0-0: Foul Ball, location: 2F 0-1: Swinging Strike 0-2: Strikes out swinging
|
Batting: RHB Félix Ramos
|
0-0: Ball 1-0: Ball 2-0: Called Strike 2-1: SINGLE (Groundball, 6MD)
|
Batting: RHB Ron Coffman
|
0-0: Called Strike 0-1: DOUBLE (Flyball, 89XD) Félix Ramos to third Runner from 3rd tries for Home, throw and OUT!
|
Bottom of the 1st over - 0 run(s), 2 hit(s), 0 error(s), 1 left on base; Chesapeake 1 - Casper 0 |
TOP OF THE 2ND |
Chesapeake Continentals batting - Pitching for Casper Ghosts : LHP Jim Unknown
|
Batting: RHB Jorge Rodríguez
|
0-0: Ball 1-0: Foul Ball, location: 2F 1-1: SINGLE (Line Drive, 78M)
|
Batting: SHB Pablo Vázquez
|
0-0: SINGLE (Line Drive, 8LS) Jorge Rodríguez to second
|
Batting: LHB Kichisaburo Otani
|
0-0: Ball 1-0: Ball 2-0: 3-RUN HOME RUN (Flyball, 89XD), Distance : 410 ft
|
Batting: RHB Héctor Hernández
|
0-0: Called Strike 0-1: Foul Ball, location: 2F 0-2: Ball 1-2: Ground out 6-3 (Groundball, 56)
|
Batting: RHB Rudko Hrnjak
|
0-0: Ground out 6-3 (Groundball, 6)
|
Batting: RHB Gil Nichols
|
0-0: Called Strike 0-1: Ball 1-1: Called Strike 1-2: Ball 2-2: Ball 3-2: Foul Ball, location: 2F 3-2: Strikes out looking
|
Top of the 2nd over - 3 run(s), 3 hit(s), 0 error(s), 0 left on base; Chesapeake 4 - Casper 0 |
BOTTOM OF THE 2ND |
Casper Ghosts batting - Pitching for Chesapeake Continentals : LHP Luis Rodríguez
|
Batting: SHB Erjan Kerstens
|
0-0: Ball 1-0: Called Strike 1-1: Ball 2-1: Swinging Strike 2-2: Foul Ball, location: 2F 2-2: Foul Ball, location: 2F 2-2: Foul Ball, location: 2F 2-2: Ball 3-2: Base on Balls
|
Batting: RHB Anbrosio Oppenes
|
0-0: Fly out, F7 (Flyball, 78S)
|
Batting: LHB Jim Unknown
|
0-0: Swinging Strike 0-1: Ball 1-1: Foul Ball, location: 2F 1-2: Ball 2-2: Foul Ball, location: 2F 2-2: Foul Ball, location: 2F 2-2: Fly out, F6 (Popup, 6MD)
|
Batting: RHB Roberto De La Cruz
|
0-0: DOUBLE (Line Drive, 8LM) Erjan Kerstens to third Runner from 3rd tries for Home, SAFE, throw made at trailing runner, SAFE at third!
|
Batting: SHB Alonso Rodríguez
|
0-0: Ball 1-0: Foul Ball, location: 2F 1-1: Foul Ball, location: 2F 1-2: Foul Ball, location: 2F 1-2: Ball 2-2: Ball 3-2: Strikes out looking
|
Bottom of the 2nd over - 1 run(s), 1 hit(s), 0 error(s), 1 left on base; Chesapeake 4 - Casper 1 |
TOP OF THE 3RD |
Chesapeake Continentals batting - Pitching for Casper Ghosts : LHP Jim Unknown
|
Batting: RHB Adrian Barr
|
0-0: Called Strike 0-1: Ground out 6-3 (Groundball, 6)
|
Batting: RHB Mike Peterson
|
0-0: Called Strike 0-1: Ball 1-1: Foul Ball, location: 2F 1-2: Ground out 4-3 (Groundball, 4)
|
Batting: RHB Mike Greene
|
0-0: Ball 1-0: Ball 2-0: Foul Ball, location: 2F 2-1: Swinging Strike 2-2: SINGLE (Groundball, 4)
|
Batting: RHB Jorge Rodríguez
|
0-0: Called Strike 0-1: Called Strike 0-2: Hit by Pitch Mike Greene to second
|
Batting: SHB Pablo Vázquez
|
0-0: Ball 1-0: Ball 2-0: Ball 3-0: Called Strike 3-1: Base on Balls Mike Greene to third Jorge Rodríguez to second
|
Batting: LHB Kichisaburo Otani
|
0-0: Ball 1-0: Called Strike 1-1: Foul Ball, location: 2F 1-2: SINGLE (Line Drive, 9LM) Mike Greene scores Jorge Rodríguez to third Pablo Vázquez to second Runner from 3rd tries for Home, SAFE, no throw or cutoff
|
Batting: RHB Héctor Hernández
|
0-0: Foul Ball, location: 2F 0-1: Ball 1-1: Foul Ball, location: 2F 1-2: Strikes out swinging
|
Top of the 3rd over - 2 run(s), 2 hit(s), 0 error(s), 2 left on base; Chesapeake 6 - Casper 1 |
BOTTOM OF THE 3RD |
Casper Ghosts batting - Pitching for Chesapeake Continentals : LHP Luis Rodríguez
|
Batting: LHB Kyle Mann
|
0-0: Called Strike 0-1: Bunt for hit - play at first, batter OUT! 5-3
|
Batting: RHB Warner Robinson
|
0-0: Ball 1-0: Called Strike Reached via error on a dropped throw, E3
|
Batting: RHB Félix Ramos
|
0-0: Foul Ball, location: 2F 0-1: Fly out, F4 (Line Drive, 4D) 0-1: Fly out, F4 (Line Drive, 4D)
|
Batting: RHB Ron Coffman
|
0-0: Ball 1-0: Foul Ball, location: 2F 1-1: Foul Ball, location: 2F 1-2: Ball 2-2: Ball 3-2: Fly out, F7 (Line Drive, 7M)
|
Bottom of the 3rd over - 0 run(s), 0 hit(s), 1 error(s), 1 left on base; Chesapeake 6 - Casper 1 |
TOP OF THE 4TH |
Chesapeake Continentals batting - Pitching for Casper Ghosts : LHP Jim Unknown
|
Pitching: RHP Ethan Martin
|
|
Batting: RHB Rudko Hrnjak
|
0-0: Called Strike 0-1: Ball 1-1: SINGLE (Line Drive, 9S)
|
Batting: RHB Gil Nichols
|
0-0: Ball 1-0: Called Strike 1-1: SINGLE (Groundball, 5D) Rudko Hrnjak to second
|
Batting: RHB Adrian Barr
|
0-0: Foul Ball, location: 2F 0-1: Ball 1-1: Called Strike 1-2: SINGLE (Groundball, 56) Rudko Hrnjak to third Gil Nichols to second Runner from 3rd tries for Home, SAFE, throw made home
|
Batting: RHB Mike Peterson
|
0-0: Ball 1-0: Ball 2-0: SINGLE (Groundball, 4MD) Gil Nichols to third Adrian Barr to second Runner from 3rd tries for Home, SAFE, no throw or cutoff
|
Batting: RHB Mike Greene
|
0-0: SINGLE (Line Drive, 9S) Adrian Barr to third Mike Peterson to second
|
Batting: RHB Jorge Rodríguez
|
0-0: Called Strike 0-1: Called Strike 0-2: Ball 1-2: Strikes out swinging
|
Batting: SHB Pablo Vázquez
|
0-0: Ball 1-0: Swinging Strike 1-1: SINGLE (Popup, 6D) Adrian Barr scores Mike Peterson to third Mike Greene to second Runner from 3rd tries for Home, SAFE, throw made home Mike Greene to third Pablo Vázquez to second
|
Pitching: RHP Tadayoshi Tanaka
|
|
Batting: LHB Kichisaburo Otani
|
0-0: Called Strike 0-1: Ball 1-1: Swinging Strike 1-2: Ball 2-2: SINGLE (Groundball, 25) (infield hit)
|
Batting: RHB Héctor Hernández
|
0-0: Foul Ball, location: 2F 0-1: Ball 1-1: Swinging Strike 1-2: Strikes out swinging
|
Batting: RHB Rudko Hrnjak
|
0-0: Ground out 4-3 (Groundball, 4)
|
Top of the 4th over - 4 run(s), 7 hit(s), 0 error(s), 3 left on base; Chesapeake 10 - Casper 1 |
BOTTOM OF THE 4TH |
Casper Ghosts batting - Pitching for Chesapeake Continentals : LHP Luis Rodríguez
|
Batting: SHB Erjan Kerstens
|
0-0: Ball 1-0: Called Strike 1-1: Swinging Strike 1-2: Ball 2-2: SINGLE (Line Drive, 4MD)
|
Batting: RHB Anbrosio Oppenes
|
0-0: Fly out, F6 (Popup, 6D)
|
Batting: LHB Jim Unknown
|
0-0: Ball 1-0: Fielders Choice at 2nd, 6-4 (Groundball, 6M)
|
Batting: RHB Roberto De La Cruz
|
0-0: Called Strike 0-1: Foul Ball, location: 2F 0-2: Ball 1-2: Ball Reached via error on a dropped throw, E3 Jim Unknown to second
|
Batting: SHB Alonso Rodríguez
|
0-0: SINGLE (Line Drive, 78M) Jim Unknown to third Roberto De La Cruz to second Runner from 3rd tries for Home, SAFE, no throw or cutoff
|
Batting: LHB Kyle Mann
|
0-0: Called Strike 0-1: Ground out 5-3 (Groundball, 5L)
|
Bottom of the 4th over - 1 run(s), 2 hit(s), 1 error(s), 2 left on base; Chesapeake 10 - Casper 2 |
TOP OF THE 5TH |
Chesapeake Continentals batting - Pitching for Casper Ghosts : RHP Tadayoshi Tanaka
|
Batting: RHB Gil Nichols
|
0-0: Ball 1-0: Reached on error, E5 (Groundball, 56S)
|
Batting: RHB Adrian Barr
|
0-0: Ball 1-0: Ball 2-0: Ball 3-0: Called Strike 3-1: Called Strike 3-2: Fly out, F8 (Flyball, 8RM)
|
Batting: RHB Mike Peterson
|
0-0: Called Strike 0-1: Foul Ball, location: 2F 0-2: 2-RUN HOME RUN (Flyball, 7D), Distance : 393 ft
|
Batting: RHB Mike Greene
|
0-0: Ball 1-0: Ball 2-0: Ball 3-0: Base on Balls
|
Batting: RHB Jorge Rodríguez
|
0-0: Called Strike Mike Greene is caught stealing 2nd base 0-1: Called Strike 0-2: Foul Ball, location: 2F 0-2: Ball 1-2: Strikes out looking
|
Top of the 5th over - 2 run(s), 1 hit(s), 1 error(s), 0 left on base; Chesapeake 12 - Casper 2 |
BOTTOM OF THE 5TH |
Casper Ghosts batting - Pitching for Chesapeake Continentals : LHP Luis Rodríguez
|
Batting: RHB Warner Robinson
|
0-0: Called Strike 0-1: Ball 1-1: Ball 2-1: Ball 3-1: Foul Ball, location: 2F 3-2: Strikes out swinging
|
Batting: RHB Félix Ramos
|
0-0: Ground out 5-3 (Groundball, 56S)
|
Batting: RHB Ron Coffman
|
0-0: Fly out, F8 (Popup, 8LS)
|
Bottom of the 5th over - 0 run(s), 0 hit(s), 0 error(s), 0 left on base; Chesapeake 12 - Casper 2 |
TOP OF THE 6TH |
Chesapeake Continentals batting - Pitching for Casper Ghosts : RHP Tadayoshi Tanaka
|
Batting: SHB Pablo Vázquez
|
0-0: Ball 1-0: Ball 2-0: Called Strike 2-1: Foul Ball, location: 2F 2-2: Ball 3-2: Base on Balls
|
Batting: LHB Kichisaburo Otani
|
0-0: Sac Bunt - play at second, runner OUT! 1-6
|
Batting: RHB Héctor Hernández
|
0-0: Called Strike 0-1: Ball 1-1: Foul Ball, location: 2F 1-2: Fly out, F9 (Flyball, 89S)
|
Batting: RHB Rudko Hrnjak
|
0-0: Ball 1-0: Foul Ball, location: 2F 1-1: Foul Ball, location: 2F 1-2: Ball 2-2: Foul Ball, location: 2F 2-2: Ball 3-2: Foul Ball, location: 2F 3-2: Strikes out swinging
|
Top of the 6th over - 0 run(s), 0 hit(s), 0 error(s), 1 left on base; Chesapeake 12 - Casper 2 |
BOTTOM OF THE 6TH |
Casper Ghosts batting - Pitching for Chesapeake Continentals : LHP Luis Rodríguez
|
Batting: SHB Erjan Kerstens
|
0-0: Foul Ball, location: 2F 0-1: Foul Ball, location: 2F 0-2: Ball 1-2: Strikes out swinging
|
Batting: RHB Anbrosio Oppenes
|
0-0: Ball 1-0: Called Strike 1-1: Foul Ball, location: 2F 1-2: Ball 2-2: Ball 3-2: Base on Balls
|
Batting: LHB Jim Unknown
|
0-0: Called Strike 0-1: Foul Ball, location: 2F 0-2: Fly out, F5 (Popup, 56)
|
Batting: RHB Roberto De La Cruz
|
0-0: Foul Ball, location: 2F 0-1: Fly out, F6 (Popup, 6D)
|
Bottom of the 6th over - 0 run(s), 0 hit(s), 0 error(s), 1 left on base; Chesapeake 12 - Casper 2 |
TOP OF THE 7TH |
Chesapeake Continentals batting - Pitching for Casper Ghosts : RHP Tadayoshi Tanaka
|
Batting: RHB Gil Nichols
|
0-0: Ball 1-0: Foul Ball, location: 2F 1-1: Ball 2-1: Fly out, F7 (Flyball, 7D)
|
Batting: RHB Adrian Barr
|
0-0: Ball 1-0: Ground out 5-3 (Groundball, 56)
|
Pinch Hitting: RHB Eduardo Torres
|
0-0: Ball 1-0: Called Strike 1-1: Called Strike 1-2: Ball 2-2: Foul Ball, location: 2F 2-2: Ball 3-2: Ground out 4-3 (Groundball, 4)
|
Top of the 7th over - 0 run(s), 0 hit(s), 0 error(s), 0 left on base; Chesapeake 12 - Casper 2 |
BOTTOM OF THE 7TH |
Casper Ghosts batting - Pitching for Chesapeake Continentals : LHP Luis Rodríguez
|
Now at 1B: John Robertson
|
|
Batting: SHB Alonso Rodríguez
|
0-0: Fly out, F9 (Flyball, 89XD)
|
Batting: LHB Kyle Mann
|
0-0: Called Strike 0-1: SOLO HOME RUN (Flyball, 89XD), Distance : 409 ft
|
Batting: RHB Warner Robinson
|
0-0: Called Strike 0-1: SINGLE (Line Drive, 34D)
|
Batting: RHB Félix Ramos
|
0-0: Called Strike 0-1: Called Strike 0-2: Ball 1-2: Ball 2-2: Ball 3-2: Foul Ball, location: 2F 3-2: Foul Ball, location: 2F 3-2: Base on Balls Warner Robinson to second
|
Batting: RHB Ron Coffman
|
0-0: Fly out, F6 (Popup, 6)
|
Batting: SHB Erjan Kerstens
|
0-0: Called Strike 0-1: Foul Ball, location: 2F 0-2: Ball 1-2: Ball 2-2: Foul Ball, location: 2F 2-2: Ball 3-2: Fly out, F9 (Flyball, 89D)
|
Bottom of the 7th over - 1 run(s), 2 hit(s), 0 error(s), 2 left on base; Chesapeake 12 - Casper 3 |
TOP OF THE 8TH |
Chesapeake Continentals batting - Pitching for Casper Ghosts : RHP Tadayoshi Tanaka
|
Batting: RHB Mike Greene
|
0-0: Foul Ball, location: 2F 0-1: Called Strike 0-2: Strikes out swinging
|
Batting: RHB Jorge Rodríguez
|
0-0: Swinging Strike 0-1: Called Strike 0-2: Ball 1-2: Foul Ball, location: 2F 1-2: Ball 2-2: Fly out, F6 (Popup, 6MD)
|
Batting: SHB Pablo Vázquez
|
0-0: Called Strike 0-1: Foul Ball, location: 2F 0-2: Strikes out swinging
|
Top of the 8th over - 0 run(s), 0 hit(s), 0 error(s), 0 left on base; Chesapeake 12 - Casper 3 |
BOTTOM OF THE 8TH |
Casper Ghosts batting - Pitching for Chesapeake Continentals : LHP Luis Rodríguez
|
Batting: RHB Anbrosio Oppenes
|
0-0: Called Strike 0-1: Called Strike 0-2: Ball 1-2: Ball 2-2: Strikes out swinging
|
Pitching: RHP Ignacio Aguilar
|
|
Batting: LHB Jim Unknown
|
0-0: Ball 1-0: Ball 2-0: Ball 3-0: Base on Balls
|
Batting: RHB Roberto De La Cruz
|
0-0: Ball 1-0: Ball 2-0: Called Strike 2-1: Foul Ball, location: 2F 2-2: Strikes out looking
|
Batting: SHB Alonso Rodríguez
|
0-0: Ball 1-0: Foul Ball, location: 2F 1-1: Ball 2-1: Called Strike 2-2: Foul Ball, location: 2F 2-2: Ball 3-2: Foul Ball, location: 2F 3-2: Ground out 4-3 (Groundball, 4M)
|
Bottom of the 8th over - 0 run(s), 0 hit(s), 0 error(s), 1 left on base; Chesapeake 12 - Casper 3 |
TOP OF THE 9TH |
Chesapeake Continentals batting - Pitching for Casper Ghosts : RHP Tadayoshi Tanaka
|
Pitching: RHP Jim Unknown
|
|
Batting: LHB Kichisaburo Otani
|
0-0: Ground out 1-3 (Groundball, 15S)
|
Batting: RHB Héctor Hernández
|
0-0: Foul Ball, location: 2F 0-1: Ball 1-1: Foul Ball, location: 2F 1-2: Ball 2-2: Strikes out swinging
|
Batting: RHB Rudko Hrnjak
|
0-0: SINGLE (Flyball, 8LS)
|
Batting: RHB Gil Nichols
|
0-0: Ball Rudko Hrnjak is caught stealing 2nd base
|
Top of the 9th over - 0 run(s), 1 hit(s), 0 error(s), 0 left on base; Chesapeake 12 - Casper 3 |
BOTTOM OF THE 9TH |
Casper Ghosts batting - Pitching for Chesapeake Continentals : RHP Ignacio Aguilar
|
Batting: LHB Kyle Mann
|
0-0: Swinging Strike 0-1: Ball 1-1: Foul Ball, location: 2F 1-2: Fly out, F7 (Flyball, 78D)
|
Batting: RHB Warner Robinson
|
0-0: Foul Ball, location: 2F 0-1: Called Strike 0-2: Strikes out swinging
|
Pinch Hitting: RHB Freddy Carea
|
0-0: Ball 1-0: Ball 2-0: Called Strike 2-1: Ball 3-1: Base on Balls
|
Batting: RHB Ron Coffman
|
0-0: Ball 1-0: Foul Ball, location: 2F 1-1: Ball 2-1: Fly out, F7 (Flyball, 78S)
|
Bottom of the 9th over - 0 run(s), 0 hit(s), 0 error(s), 1 left on base; Chesapeake 12 - Casper 3 |
|